 Dungeon Crawl Stone Soup version 0.26-a0-1026-g544776af23 (webtiles) character file.

Game seed: 5990286087683821312

57 sahdkjhfkaj the Insei (level 4, -3/28 HPs)
             Began as an Octopode Transmuter on Dec 9, 2020.
             Splashed by a hobgoblin's acid (14 damage)
             ... on level 3 of the Dungeon.
             The game lasted 00:01:50 (1807 turns).

sahdkjhfkaj the Insei (Octopode Transmuter)         Turns: 1807, Time: 00:01:51

Health: -3/28      AC: -3    Str:  9    XL:     4   Next: 0%
Magic:  15/16      EV: 13    Int: 16    God:
Gold:   193        SH:  0    Dex: 12    Spells: 6/7 levels left

rFire    . . .     SeeInvis .     - Unarmed
rCold    . . .     Faith    .   (no shield)
rNeg     . . .     Spirit   .   (helmet currently unavailable)
rPois    .         Reflect  .   (no amulet)
rElec    .         Harm     .   x - ring of magical power
rCorr    .         Rampage  .   (no ring)
Will     .....                  (no ring)
Stlth    ++........             (no ring)
HPRegen  0.09/turn              (no ring)
MPRegen  0.15/turn              (no ring)
                                (no ring)
                                (no ring)

@: appendages (expiring), corroded, very slightly contaminated
A: almost no armour, stealthy swim, amphibious, 8 rings, constrict 8, tentacle
spike 3, camouflage 1, gelatinous body 1
a: End Transformation


You were on level 3 of the Dungeon.
One of your tentacles had a temporary spike.
You visited 1 branch of the dungeon, and saw 3 of its levels.

You collected 193 gold pieces.

Inventory:

Jewellery
 f - an uncursed ring of fire
 x - a ring of magical power (left tentacle)
Wands
 a - a wand of digging (2) {@v1}
Scrolls
 b - a scroll of blinking {@r4}
 c - a scroll of fog
 e - a scroll of fear
 g - a scroll of immolation
 h - 5 scrolls of remove curse {@r2}
 j - 2 scrolls of magic mapping
Potions
 d - 3 potions of degeneration {unknown}
 i - a potion of brilliance {unknown}
 k - a potion of curing {unknown}


   Skills:
 - Level 1.0 Fighting
 - Level 2.0 Dodging
 + Level 3.6 Unarmed Combat
 - Level 2.0 Spellcasting
 * Level 3.6 Transmutations


You had 6 spell levels left.
You knew the following spells:

 Your Spells              Type           Power        Failure   Level
a - Beastly Appendage     Tmut           ##....       4%          1

Your spell library contained the following spells:

 Spells                   Type           Power        Failure   Level
 Wereblood                Tmut           ##......     7%          2
 Spider Form              Tmut/Pois      #.........   30%         3
 Ice Form                 Ice/Tmut       #.......     69%         4
 Blade Hands              Tmut           ##........   78%         5


Dungeon Overview and Level Annotations

Branches:
Dungeon (3/15)

Altars:
Vehumet
Zin

Shops:
D:2 *


Innate Abilities, Weirdness & Mutations

You cannot wear most types of armour.
You are very stealthy in the water. (Stealth+)
You are amphibious.
You can wear up to eight rings at the same time.
You can use your tentacles to constrict eight enemies at once.
Your skin changes colour to match your surroundings (Stealth+).
Your rubbery body absorbs attacks. (AC +1, EV +1)
One of your tentacles bears a large vicious spike.


Message History

You tentacle-slap the quokka. You grab the quokka.
The quokka is severely wounded.
You constrict the quokka.
You kill the quokka!
You have reached level 4!
No target in view!
Your transformation is almost over.
A hobgoblin comes into view.
It is wielding a +0 war axe and carrying a wand of acid (12).
Evoke which item? (* to show all) (? for menu, Esc to quit)
Okay, then.
Unknown command.
You miscast Beastly Appendage.
You are very lightly contaminated with residual magic.
Nothing appears to happen.
The hobgoblin shouts!
The hobgoblin zaps a wand.
The bolt of acid hits you!
Ouch! That really hurt!
The acid corrodes you!
You are splashed with acid!
Ouch! That really hurt!
You die...

# #..###.......#
#.##...#...[...##
......#.........
#...........#
#.#..)....##
#.#...†....#
##.###!..#..###.#
...>........#....
...####.@.#...#
........[...#####
......g.....>...##.#
...#.>####......... ..
...............##..# #.#
.....#####.....###.###.#
...## #####.....##.....#
... ..................
##................


You could see a hobgoblin.

Vanquished Creatures
  An adder (D:2)
  A worm (D:2)
  A leopard gecko (D:2)
  4 giant cockroaches
  6 goblins
  3 hobgoblins
  3 quokkas
  A ball python (D:2)
  4 bats
  6 frilled lizards
  7 kobolds
  4 rats
41 creatures vanquished.

Notes
Turn   | Place    | Note
-------+----------+-------------------------------------------
     0 | D:1      | sahdkjhfkaj the Octopode Transmuter began the quest for the
                  | Orb.
     0 | D:1      | Reached XP level 1. HP: 13/13 MP: 3/3
   103 | D:1      | Reached XP level 2. HP: 18/18 MP: 5/5
   763 | D:2      | Reached XP level 3. HP: 12/23 MP: 6/6
  1347 | D:2      | Found Zin's Purification Station.
  1349 | D:2      | Found a glowing silver altar of Zin.
  1656 | D:3      | Found a radiant altar of Vehumet.
  1802 | D:3      | Reached XP level 4. HP: 28/28 MP: 7/7
  1807 | D:3      | Splashed by a hobgoblin's acid

Illustrated notes

Levels and vault maps discovered:
D:1:      roderic_crossed_star, layout_rooms
D:2:      layout_rooms, zin_purify, kennysheep_generic_room_3
D:3:      cheibrodos_pilgrimage, layout_rooms, vehumet_crystals,
          corexii_leaking_fountain, kennysheep_generic_room_4

Skill      XL: |  1  2 |
---------------+-------+-----
Transmutations | 3 |  3.6
Fighting       | |  1.0
Dodging        | |  2.0
Unarmed Combat | |  3.6
Spellcasting   | |  2.0

Action                   |  1- 3 |  4- 6 || total
-------------------------+-------+-------++-------
Melee: Unarmed           |    91 |       ||    91
       Constrict         |    30 |       ||    30
       Tentacles         |    13 |       ||    13
       Kick              |     2 |       ||     2
 Cast: Beastly Appendage |     7 |       ||     7
  Use: Scroll            |     7 |       ||     7
 Stab: Sleeping          |     4 |       ||     4
Armor: Skin              |     9 |       ||     9
Dodge: Dodged            |    54 |       ||    54

Table legend: (Time is in decaauts)
 A = Elapsed time spent in this place.
 B = Non-inter-level travel time spent in this place.
 C = Inter-level travel time spent in this place.
 D = Time resting spent in this place.
 E = Time spent auto-exploring this place.
 F = Levels seen in this place.
 G = Mean time per level.
                   A        B        C        D        E       F      G
               +--------+--------+--------+--------+--------+-----+--------+
         Total |   1798 |   1744 |     54 |      0 |   1469 |   3 |  599.3 |
       Dungeon |   1798 |   1744 |     54 |      0 |   1469 |   3 |  599.3 |
               +--------+--------+--------+--------+--------+-----+--------+

Top non-repeatable levels by time:
     D:2: 996 daAuts
     D:1: 636 daAuts
     D:3: 165 daAuts
